Map: Curious Minds LE

Players

LanceUpercut - Winner!

  • Race: Zerg Zerg
  • Spawn Location: 11:00

Qumyn

  • Race: Protoss Protoss
  • League: Diamond
  • Spawn Location: 5:00

VOD

Have the link to the VOD?

Description

Time

  • Played on: May 4, 2022, 8:19 p.m.
  • Length: 4:12
Show
View Real Time Build Order
Export as new Build Order

LanceUpercut Zerg - Winner!

Build Orders: Pool First 

Get SALT Encoding   

  12  0:00  Drone  
  13  0:13  Overlord  
  13  0:17  Drone  
  14  0:31  Drone x2  
  14  0:35  Drone  
  17  0:41  Extractor  
  16  0:46  Drone  
  17  0:51  Spawning Pool  
  17  0:56  Drone  
  17  1:19  Hatchery  
  17  1:21  Drone  
  17  1:25  Drone  
  17  1:30  Drone  
  19  1:41  Zergling x2  
  19  1:45  Queen  
  22  1:52  Metabolic Boost  
  22  2:04  Roach Warren  
  21  2:09  Overlord  
  21  2:16  Overlord  
  23  2:44  Roach x5  
  31  2:53  Roach  
  31  2:57  Zergling x2  
  31  2:58  Zergling x4  
  36  3:02  Roach  
  38  3:09  Zergling x2  
  38  3:12  Overlord  
  39  3:16  Zergling x2  
  40  3:23  Zergling x2  
  41  3:28  Zergling x6  
Show
View Real Time Build Order
Export as new Build Order

Qumyn Protoss 

Build Orders: 1 Gate Expand 

Get SALT Encoding   

  12  0:00  Probe  
  13  0:12  Probe  
  14  0:19  Pylon  
  14  0:24  Probe  
  15  0:38  Probe (Chrono Boost)  
  15  0:41  Gateway  
  16  0:49  Probe (Chrono Boost)  
  17  0:51  Assimilator  
  17  0:54  Probe (Chrono Boost)  
  19  1:04  Probe  
  19  1:06  Pylon  
  19  1:16  Probe  
  20  1:29  Nexus  
  20  1:39  Cybernetics Core  
  20  1:48  Probe  
  20  1:49  Pylon  
  20  1:54  Assimilator  
  21  2:00  Zealot (Chrono Boost)  
  23  2:08  Probe  
  24  2:16  Gateway  
  24  2:18  Warp Gate  
  24  2:24  Stalker (Chrono Boost)  
  26  2:32  Shield Battery  
  26  2:34  Probe  
  27  2:42  Probe  
  28  2:50  Probe  
  29  2:52  Adept  
  29  2:54  Probe  
  32  3:00  Stargate  
  32  3:05  Probe (Chrono Boost)  
  33  3:06  Probe (Chrono Boost)  
  33  3:12  Adept  
  36  3:17  Probe (Chrono Boost)  
  36  3:19  Probe (Chrono Boost)  
  38  3:22  Probe (Chrono Boost)  
  38  3:27  Probe  
  40  3:32  Probe  
  41  3:34  Pylon  
  41  3:54  Probe x2  
  32  4:09  Stalker x2  
Tags
 
Add a new tag
Caveats
  • Supply blocks, unpowered buildings, or Contaminate may cause inaccurate times.
  • Supply counts are checked every 10 seconds.